 Dungeon Sprint DCSS version 0.23.2-1-ga50397a (webtiles) character file.

Game seed: 4299705489105319868

43 wilfster70 the Covered (level 3, -4/36 HPs)
             Began as a Minotaur Fighter on May 30, 2019.
             Was a Believer of Cheibriados.
             Drowned by a water elemental (5 damage)
             ... in the Dungeon (Sprint V: "Ziggurat Sprint").
             The game lasted 00:03:40 (150 turns).

wilfster70 the Covered (Minotaur Fighter)            Turns: 150, Time: 00:03:41

Health: -4/36      AC: 19    Str: 36    XL:     3   Next: 37%
Magic:  3/3        EV:  2    Int: 10    God:    Cheibriados [**....]
Gold:   0          SH:  0    Dex: 13    Spells: 2/2 levels left

rFire    + . .     SeeInvis .   a - +5 broad axe
rCold    + . .     Gourm    .   h - +3 large shield
rNeg     . . .     Faith    .   l - +5 gold dragon scales
rPois    +         Spirit   .   (helmet restricted)
rElec    .         Reflect  .   (no cloak)
rCorr    .         Harm     .   (no gloves)
MR       .....     NoTele   +   (no boots)
Stlth    ..........             (no amulet)
HPRegen  0.12/turn              B - +6 ring of strength
MPRegen  0.08/turn              C - +6 ring of strength

@: confused, engulfed (cannot breathe), studying Bows, very slow
A: retaliatory headbutt, horns 2
a: Bend Time, Renounce Religion


You were in the Dungeon.
You worshipped Cheibriados.
Cheibriados was pleased with you.
You were not hungry.

You visited 1 branch

Inventory:

Hand Weapons
 a - a +5 broad axe (weapon)
Armour
 h - a +3 large shield (worn)
 l - +5 gold dragon scales (worn)
Jewellery
 c - the ring "Exzer" {+Fly rF+}
   (You found it in the Dungeon)

   [ring of protection from fire]

   It protects you from fire.
   It lets you fly.
 B - a +6 ring of strength (left hand)
 C - a +6 ring of strength (right hand)
Wands
 w - a wand of disintegration (7)
 x - a wand of iceblast (7)
 y - a wand of acid (7)
Scrolls
 j - 4 scrolls of amnesia
 k - 4 scrolls of blinking
 m - 7 scrolls of fog
 n - a scroll of holy word
 o - 5 scrolls of identify
 p - 5 scrolls of remove curse
 q - 2 scrolls of fear
Potions
 d - 6 potions of might
 e - 10 potions of curing
 g - 10 potions of heal wounds
 i - 7 potions of magic
 r - 2 potions of brilliance
 s - 2 potions of invisibility
 t - 4 potions of resistance
 u - a potion of experience
 v - 5 potions of agility
Books
 z - a manual of Bows
Miscellaneous
 A - a lamp of fire
Comestibles
 b - 3 chunks of flesh
 f - 7 rations


   Skills:
 + Level 5.0 Fighting
 + Level 3.9 Axes
 + Level 5.0 Armour
 + Level 4.8 Shields
 + Level 2.3 Invocations
 + Level 2.1 Evocations


You had 2 spell levels left.
You didn't know any spells.
Your spell library contained the following spells:

 Spells                   Type           Power        Failure   Level  Hunger
 Summon Butterflies       Summ           #.......     100%        1    ##.....
 Recall                   Summ/Tloc      N/A          100%        3    ####...
 Malign Gateway           Summ/Tloc      #.........   100%        7    #######
 Dragon's Call            Summ           #.........   100%        9    #######


Dungeon Overview and Level Annotations

Branches:
Dungeon (1/1)

Altars:
Ashenzari
Cheibriados
Dithmenos
Elyvilon
Fedhas
Gozag
Hepliaklqana
Kikubaaqudgha
Makhleb
Nemelex Xobeh
Okawaru
Qazlal
Ru
Sif Muna
Trog
Uskayaw
Vehumet
Wu Jian
Xom
Yredelemnul
Zin
The Shining One
Beogh
Jiyva
Lugonu

Annotations:
D 1 transporter


Innate Abilities, Weirdness & Mutations

You reflexively headbutt those who attack you in melee.
You have a pair of horns on your head.


Message History

The deep elf knight seems to speed up.
The water elemental hits you. The golden eye blinks at you.
You are more confused.
The deep elf mage mumbles some strange words.
You closely miss the water elemental. You miss the deep elf mage.
You closely miss the hell rat. You barely miss the hell rat.
The golden eye blinks at you.
You are more confused.
The water elemental barely misses you.
The hell rat bites you but does no damage. x2
The golden eye blinks!
The deep elf mage hits you but does no damage.
The redback bites you but does no damage.
The water elemental hits you.
* * * LOW HITPOINT WARNING * * *
The water elemental engulfs you in water!
The hell rat bites you!
* * * LOW HITPOINT WARNING * * *
You're too confused to move!
You die...

▓▓▓▓▓▓▓▓▓▓▓▓▓▓▓▓▓▓▓
▓.8©8.▓.8©8.▓.8©8.▓
▓.=G[.▓.....▓.....▓
▓..)..▓.....▓.)...▓
▓..r..▓.)...▓.....▓
▓..Ee.▓..)..▓..÷..▓
▓.e@r.▓.....▓..©..▓
▓.s©..▓..©..▓▓▓▓▓▓▓
▓▓▓▓▓▓▓▓▓▓▓▓▓


You could see a deep elf knight, a water elemental, a deep elf mage, a redback,
2 hell rats and a golden eye.

Vanquished Creatures
  An orc priest (D)
  An adder (D)
  2 orcs (D)
  A ball python (D)
5 creatures vanquished.

Notes
Turn   | Place    | Note
-------+----------+-------------------------------------------
     0 | D        | Found the +6 Majin-Bo {vamp, Archmagi MP+6 Int+6}
     0 | D        | Found the +7 great mace "Firestarter" {inner flame, rF++}
     0 | D        | wilfster70 the Minotaur Fighter began the quest for the
                  | Orb.
     0 | D        | Reached XP level 1. HP: 19/19 MP: 0/0
    13 | D        | Found a blossoming altar of Fedhas.
    14 | D        | Found a hazy altar of Hepliaklqana.
    14 | D        | Found an opulent altar of Gozag.
    14 | D        | Found a viscous altar of Jiyva.
    14 | D        | Found a transporter.
    14 | D        | Found an ancient bone altar of Kikubaaqudgha.
    17 | D        | Became a worshipper of Cheibriados the Contemplative
    35 | D        | Found a corrupted altar of Lugonu.
    36 | D        | Found a burning altar of Makhleb.
    37 | D        | Found a sacrificial altar of Ru.
    37 | D        | Found a stormy altar of Qazlal.
    37 | D        | Found a deep blue altar of Sif Muna.
    37 | D        | Found an iron altar of Okawaru.
    37 | D        | Found a bloodstained altar of Trog.
    37 | D        | Found a sparkling altar of Nemelex Xobeh.
    58 | D        | Found the +6 shillelagh "Devastator" {shatter}
    58 | D        | Found the +11 plutonium sword {*Contam Stlth-}
    58 | D        | Found the +8 lance "Wyrmbane" {slay drac, rPois rF+ rC+
                  | AC+3}
    58 | D        | Found the +9 sword of Zonguldrok {reap}
    58 | D        | Found the cursed +13 scythe of Curses {drain, *Curse}
    58 | D        | Found the +0 sword of Power
    58 | D        | Found the +7 mace of Variability {chain chaos}
    58 | D        | Found the +7 Singing Sword {slice, sonic wave}
    58 | D        | Found the +7 longbow "Piercer" {penet, EV-2}
    59 | D        | Found the +9 heavy crossbow "Sniper" {velocity, Acc+∞ SInv}
    59 | D        | Found the +10 dark maul {crush}
    59 | D        | Found the +15 Maxwell's patent armour {-Cast -Tele rElec
                  | MR+ rCorr}
    59 | D        | Found the +18 shield of the Gong {rElec rN+ MR+ EV-5}
    59 | D        | Found the cursed +14 obsidian axe {chop, +Fly SInv *Curse}
   103 | D        | Entered arena 2.
   103 | D        | Found a transporter.
   106 | D        | Reached skill level 1 in Invocations
   106 | D        | Reached skill level 1 in Evocations
   106 | D        | Reached XP level 2. HP: 23/27 MP: 1/1
   107 | D        | Reached * piety under Cheibriados
   114 | D        | Got the Almanac of Creation
   119 | D        | Entered arena 3.
   119 | D        | Found a transporter.
   122 | D        | Reached skill level 5 in Armour
   122 | D        | Reached XP level 3. HP: 31/35 MP: 1/3
   126 | D        | Reached ** piety under Cheibriados
   126 | D        | Reached skill level 5 in Fighting
   134 | D        | Got the ring "Exzer" {+Fly rF+}
   146 | D        | Entered arena 4.
   146 | D        | Noticed a deep elf mage
   146 | D        | Noticed a water elemental
   146 | D        | Noticed a deep elf knight
   146 | D        | Noticed a golden eye
   146 | D        | Found a transporter.
   149 | D        | Noticed a redback
   149 | D        | HP: 1/36 [hell rat[a deep elf mage] (7)]
   150 | D        | Drowned by a water elemental

Skill      XL: |  1  2  3 |
---------------+----------+-----
Fighting       | 4 5 |  5.0
Axes           | 3 |  3.9
Armour         | 4 5 |  5.0
Shields        | 4 |  4.8
Invocations    | 1 2 |  2.3
Evocations     | 1 2 |  2.1

Action                   || total
-------------------------++-------
Melee: Broad axe         ||    10
       Headbutt          ||     1
Armor: Gold dragon scale ||    11
Dodge: Dodged            ||     1
Block: Large shield      ||    16
